Workbook

Sheet Aggregation 
A1: Exhibit VII
A2: FORM 2 OF THE NEW MEXICO TITLE INSURANCE UNDERWRITERS STATISTICAL REPORT
A3: Aggregated for all Underwriters
A4: For the Year Ended December 31, 2023
D6: Totals
B7: 1. | C7: Known claims reserve | D7: =ROUND(SUM('Agents National Title:WFG National Title Insurance Co'!D7),0) -> 618542947
B8: 2. | C8: Statutory premium reserve | D8: =ROUND(SUM('Agents National Title:WFG National Title Insurance Co'!D8),0) -> 4898453710
B9: 3. | C9: Aggregate of other reserves required by law | D9: =ROUND(SUM('Agents National Title:WFG National Title Insurance Co'!D9),0) -> 0
B10: 4. | C10: Supplemental reserve | D10: =ROUND(SUM('Agents National Title:WFG National Title Insurance Co'!D10),0) -> 11072439
B11: 5. | C11: Total Reserves | D11: =SUM(D7:D10) -> 5528069096
B13: 6. | C13: Net investment income earned | D13: =ROUND(SUM('Agents National Title:WFG National Title Insurance Co'!D13),0) -> 551834033
B14: 7. | C14: Net realized capital gains (losses) | D14: =ROUND(SUM('Agents National Title:WFG National Title Insurance Co'!D14),0) -> 76911745
B15: 8. | C15: Total net investment gain | D15: =SUM(D13:D14) -> 628745778
B17: 9. | C17: Federal and foreign income taxes incurred | D17: =ROUND(SUM('Agents National Title:WFG National Title Insurance Co'!D17),0) -> 245523840
B19: 10. | C19: Surplus as regards policyholders | D19: =ROUND(SUM('Agents National Title:WFG National Title Insurance Co'!D19),0) -> 5270339414

Sheet Agents National Title
A1: NEW MEXICO TITLE INSURANCE UNDERWRITERS STATISTICAL REPORT
A2: FORM 2: RESERVES, INVESTMENT GAIN AND SURPLUS
A3: For Calendar Year Ending December 31, 2023
A4: COUNTRYWIDE EXPERIENCE
B5: Insurance Company: | C5: Agents National Title Insurance Company
D6: Countrywide
B7: 1. | C7: Known claims reserve | D7: 3045224
B8: 2. | C8: Statutory premium reserve | D8: 20129568
B9: 3. | C9: Aggregate of other reserves required by law | D9: 0
B10: 4. | C10: Supplemental reserve | D10: 0
B11: 5. | C11: Total Reserves | D11: =SUM(D7:D10) -> 23174792
B13: 6. | C13: Net investment income earned | D13: 1229206
B14: 7. | C14: Net realized capital gains (losses) | D14: -4203098
B15: 8. | C15: Total net investment gain | D15: =D13+D14 -> -2973892
B17: 9. | C17: Federal and foreign income taxes incurred | D17: -1198556
B19: 10. | C19: Surplus as regards policyholders | D19: 57388734

Sheet Alamo Title Insurance
A1: NEW MEXICO TITLE INSURANCE UNDERWRITERS STATISTICAL REPORT
A2: FORM 2: RESERVES, INVESTMENT GAIN AND SURPLUS
A3: For Calendar Year Ending December 31, 2023
A4: COUNTRYWIDE EXPERIENCE
B5: Insurance Company: | C5: ALAMO TITLE INSURANCE
D6: Countrywide
B7: 1. | C7: Known claims reserve | D7: 2225987
B8: 2. | C8: Statutory premium reserve | D8: 12557705
B9: 3. | C9: Aggregate of other reserves required by law | D9: 0
B10: 4. | C10: Supplemental reserve | D10: 5824474
B11: 5. | C11: Total Reserves | D11: =SUM(D7:D10) -> 20608166
B13: 6. | C13: Net investment income earned | D13: 1406219
B14: 7. | C14: Net realized capital gains (losses) | D14: 21065
B15: 8. | C15: Total net investment gain | D15: =D13+D14 -> 1427284
B17: 9. | C17: Federal and foreign income taxes incurred | D17: 1227388
B19: 10. | C19: Surplus as regards policyholders | D19: 41899827

Sheet Alliant National Title Ins Co
A1: NEW MEXICO TITLE INSURANCE UNDERWRITERS STATISTICAL REPORT
A2: FORM 2: RESERVES, INVESTMENT GAIN AND SURPLUS
A3: For Calendar Year Ending December 31, 2023
A4: COUNTRYWIDE EXPERIENCE
B5: Insurance Company: | C5: Alliant National Title Insurance Company, Inc.
D6: Countrywide
B7: 1. | C7: Known claims reserve | D7: 3408184
B8: 2. | C8: Statutory premium reserve | D8: 25521035
B9: 3. | C9: Aggregate of other reserves required by law | D9: 0
B10: 4. | C10: Supplemental reserve | D10: 5247965
B11: 5. | C11: Total Reserves | D11: =SUM(D7:D10) -> 34177184
B13: 6. | C13: Net investment income earned | D13: 1144568
B14: 7. | C14: Net realized capital gains (losses) | D14: 3681
B15: 8. | C15: Total net investment gain | D15: =D13+D14 -> 1148249
B17: 9. | C17: Federal and foreign income taxes incurred | D17: 765334
B19: 10. | C19: Surplus as regards policyholders | D19: 15274429

Sheet American Digital Title Ins Co
A1: NEW MEXICO TITLE INSURANCE UNDERWRITERS STATISTICAL REPORT
A2: FORM 2: RESERVES, INVESTMENT GAIN AND SURPLUS
A3: For Calendar Year Ending December 31, 2023
A4: COUNTRYWIDE EXPERIENCE
B5: Insurance Company: | C5: American Digital Title Insurance Company
D6: Countrywide
B7: 1. | C7: Known claims reserve | D7: 379000
B8: 2. | C8: Statutory premium reserve | D8: 1008009
B9: 3. | C9: Aggregate of other reserves required by law | D9: 0
B10: 4. | C10: Supplemental reserve | D10: 0
B11: 5. | C11: Total Reserves | D11: =SUM(D7:D10) -> 1387009
B13: 6. | C13: Net investment income earned | D13: 1259799
B14: 7. | C14: Net realized capital gains (losses) | D14: -433043
B15: 8. | C15: Total net investment gain | D15: =D13+D14 -> 826756
B17: 9. | C17: Federal and foreign income taxes incurred | D17: 203200
B19: 10. | C19: Surplus as regards policyholders | D19: 51342139

Sheet AmTrust Title Insurance Co
A1: NEW MEXICO TITLE INSURANCE UNDERWRITERS STATISTICAL REPORT
A2: FORM 2: RESERVES, INVESTMENT GAIN AND SURPLUS
A3: For Calendar Year Ending December 31, 2023
A4: COUNTRYWIDE EXPERIENCE
B5: Insurance Company: | C5: AmTrust Title Insurance Company
D6: Countrywide
B7: 1. | C7: Known claims reserve | D7: 1344916
B8: 2. | C8: Statutory premium reserve | D8: 16647960
B9: 3. | C9: Aggregate of other reserves required by law | D9: 0
B10: 4. | C10: Supplemental reserve | D10: 0
B11: 5. | C11: Total Reserves | D11: =SUM(D7:D10) -> 17992876
B13: 6. | C13: Net investment income earned | D13: 1523064
B14: 7. | C14: Net realized capital gains (losses) | D14: -213276
B15: 8. | C15: Total net investment gain | D15: =D13+D14 -> 1309788
B17: 9. | C17: Federal and foreign income taxes incurred | D17: 435525
B19: 10. | C19: Surplus as regards policyholders | D19: 34455197

Sheet Chicago Title Insurance Company
A1: NEW MEXICO TITLE INSURANCE UNDERWRITERS STATISTICAL REPORT
A2: FORM 2: RESERVES, INVESTMENT GAIN AND SURPLUS
A3: For Calendar Year Ending December 31, 2023
A4: COUNTRYWIDE EXPERIENCE
B5: Insurance Company: | C5: Chicago Title Insurance Company
D6: Countrywide
B7: 1. | C7: Known claims reserve | D7: 75396969
B8: 2. | C8: Statutory premium reserve | D8: 692776302
B9: 3. | C9: Aggregate of other reserves required by law | D9: 0
B10: 4. | C10: Supplemental reserve | D10: 0
B11: 5. | C11: Total Reserves | D11: =SUM(D7:D10) -> 768173271
B13: 6. | C13: Net investment income earned | D13: 117938920
B14: 7. | C14: Net realized capital gains (losses) | D14: 23756309
B15: 8. | C15: Total net investment gain | D15: =D13+D14 -> 141695229
B17: 9. | C17: Federal and foreign income taxes incurred | D17: 50392103
B19: 10. | C19: Surplus as regards policyholders | D19: 652113377

Sheet Commonwealth Land Title Ins Co
A1: NEW MEXICO TITLE INSURANCE UNDERWRITERS STATISTICAL REPORT
A2: FORM 2: RESERVES, INVESTMENT GAIN AND SURPLUS
A3: For Calendar Year Ending December 31, 2023
A4: COUNTRYWIDE EXPERIENCE
B5: Insurance Company: | C5: Commonwealth Land Title Insurance Company
D6: Countrywide
B7: 1. | C7: Known claims reserve | D7: 28884206
B8: 2. | C8: Statutory premium reserve | D8: 216709051
B9: 3. | C9: Aggregate of other reserves required by law | D9: 0
B10: 4. | C10: Supplemental reserve | D10: 0
B11: 5. | C11: Total Reserves | D11: =SUM(D7:D10) -> 245593257
B13: 6. | C13: Net investment income earned | D13: 20222569
B14: 7. | C14: Net realized capital gains (losses) | D14: -4266860
B15: 8. | C15: Total net investment gain | D15: =D13+D14 -> 15955709
B17: 9. | C17: Federal and foreign income taxes incurred | D17: 8159424
B19: 10. | C19: Surplus as regards policyholders | D19: 296091787

Sheet DHI Title Insurance Company
A1: NEW MEXICO TITLE INSURANCE UNDERWRITERS STATISTICAL REPORT
A2: FORM 2: RESERVES, INVESTMENT GAIN AND SURPLUS
A3: For Calendar Year Ending December 31, 2023
A4: COUNTRYWIDE EXPERIENCE
B5: Insurance Company: | C5: DHI Title Insurance Company
D6: Countrywide
B7: 1. | C7: Known claims reserve | D7: 4913
B8: 2. | C8: Statutory premium reserve | D8: 6670581
B9: 3. | C9: Aggregate of other reserves required by law | D9: 0
B10: 4. | C10: Supplemental reserve | D10: 0
B11: 5. | C11: Total Reserves | D11: =SUM(D7:D10) -> 6675494
B13: 6. | C13: Net investment income earned | D13: 1736515
B14: 7. | C14: Net realized capital gains (losses) | D14: 0
B15: 8. | C15: Total net investment gain | D15: =D13+D14 -> 1736515
B17: 9. | C17: Federal and foreign income taxes incurred | D17: 3982831
B19: 10. | C19: Surplus as regards policyholders | D19: 39586107

Sheet Doma Title Insurance Inc
A1: NEW MEXICO TITLE INSURANCE UNDERWRITERS STATISTICAL REPORT
A2: FORM 2: RESERVES, INVESTMENT GAIN AND SURPLUS
A3: For Calendar Year Ending December 31, 2023
A4: COUNTRYWIDE EXPERIENCE
B5: Insurance Company: | C5: Doma Title Insurance, Inc.
D6: Countrywide
B7: 1. | C7: Known claims reserve | D7: 7122913
B8: 2. | C8: Statutory premium reserve | D8: 82043275
B9: 3. | C9: Aggregate of other reserves required by law | D9: 0
B10: 4. | C10: Supplemental reserve | D10: 0
B11: 5. | C11: Total Reserves | D11: =SUM(D7:D10) -> 89166188
B13: 6. | C13: Net investment income earned | D13: 4507073
B14: 7. | C14: Net realized capital gains (losses) | D14: -8736
B15: 8. | C15: Total net investment gain | D15: =D13+D14 -> 4498337
B17: 9. | C17: Federal and foreign income taxes incurred | D17: 2145700
B19: 10. | C19: Surplus as regards policyholders | D19: 49858746

Sheet Fidelity National Title Ins Co
A1: NEW MEXICO TITLE INSURANCE UNDERWRITERS STATISTICAL REPORT
A2: FORM 2: RESERVES, INVESTMENT GAIN AND SURPLUS
A3: For Calendar Year Ending December 31, 2023
A4: COUNTRYWIDE EXPERIENCE
B5: Insurance Company: | C5: Fidelity National Title Insurance Company
D6: Countrywide
B7: 1. | C7: Known claims reserve | D7: 82390193
B8: 2. | C8: Statutory premium reserve | D8: 666265907
B9: 3. | C9: Aggregate of other reserves required by law | D9: 0
B10: 4. | C10: Supplemental reserve | D10: 0
B11: 5. | C11: Total Reserves | D11: =SUM(D7:D10) -> 748656100
B13: 6. | C13: Net investment income earned | D13: 47113357
B14: 7. | C14: Net realized capital gains (losses) | D14: 17510753
B15: 8. | C15: Total net investment gain | D15: =D13+D14 -> 64624110
B17: 9. | C17: Federal and foreign income taxes incurred | D17: 43325086
B19: 10. | C19: Surplus as regards policyholders | D19: 530782756

Sheet First American Title Ins Co
A1: NEW MEXICO TITLE INSURANCE UNDERWRITERS STATISTICAL REPORT
A2: FORM 2: RESERVES, INVESTMENT GAIN AND SURPLUS
A3: For Calendar Year Ending December 31, 2023
A4: COUNTRYWIDE EXPERIENCE
B5: Insurance Company: | C5: First American Title Insurance Company
D6: Countrywide
B7: 1. | C7: Known claims reserve | D7: 259208590
B8: 2. | C8: Statutory premium reserve | D8: 1344479940
B9: 3. | C9: Aggregate of other reserves required by law
B10: 4. | C10: Supplemental reserve
B11: 5. | C11: Total Reserves | D11: =SUM(D7:D10) -> 1603688530
B13: 6. | C13: Net investment income earned | D13: 215236408
B14: 7. | C14: Net realized capital gains (losses) | D14: 38976497
B15: 8. | C15: Total net investment gain | D15: =D13+D14 -> 254212905
B17: 9. | C17: Federal and foreign income taxes incurred | D17: 58254458
B19: 10. | C19: Surplus as regards policyholders | D19: 1473224722

Sheet First National Title Ins Co
A1: NEW MEXICO TITLE INSURANCE UNDERWRITERS STATISTICAL REPORT
A2: FORM 2: RESERVES, INVESTMENT GAIN AND SURPLUS
A3: For Calendar Year Ending December 31, 2023
A4: COUNTRYWIDE EXPERIENCE
B5: Insurance Company: | C5: First National Title Insurance Company
D6: Countrywide
B7: 1. | C7: Known claims reserve | D7: 1928989
B8: 2. | C8: Statutory premium reserve | D8: 24253320
B9: 3. | C9: Aggregate of other reserves required by law | D9: 0
B10: 4. | C10: Supplemental reserve | D10: 0
B11: 5. | C11: Total Reserves | D11: =SUM(D7:D10) -> 26182309
B13: 6. | C13: Net investment income earned | D13: 1796182
B14: 7. | C14: Net realized capital gains (losses) | D14: -171730
B15: 8. | C15: Total net investment gain | D15: =D13+D14 -> 1624452
B17: 9. | C17: Federal and foreign income taxes incurred | D17: 645246
B19: 10. | C19: Surplus as regards policyholders | D19: 37491596

Sheet Investors Title Insurance Co
A1: NEW MEXICO TITLE INSURANCE UNDERWRITERS STATISTICAL REPORT
A2: FORM 2: RESERVES, INVESTMENT GAIN AND SURPLUS
A3: For Calendar Year Ending December 31, 2023
A4: COUNTRYWIDE EXPERIENCE
B5: Insurance Company: | C5: Investors Title Insurance Company
D6: Countrywide
B7: 1. | C7: Known claims reserve | D7: 2306417
B8: 2. | C8: Statutory premium reserve | D8: 46841416
B9: 3. | C9: Aggregate of other reserves required by law | D9: 0
B10: 4. | C10: Supplemental reserve | D10: 0
B11: 5. | C11: Total Reserves | D11: =SUM(D7:D10) -> 49147833
B13: 6. | C13: Net investment income earned | D13: 9968697
B14: 7. | C14: Net realized capital gains (losses) | D14: 11002227
B15: 8. | C15: Total net investment gain | D15: =D13+D14 -> 20970924
B17: 9. | C17: Federal and foreign income taxes incurred | D17: 2850358
B19: 10. | C19: Surplus as regards policyholders | D19: 95688538

Sheet National Title Insurance of NY
A1: NEW MEXICO TITLE INSURANCE UNDERWRITERS STATISTICAL REPORT
A2: FORM 2: RESERVES, INVESTMENT GAIN AND SURPLUS
A3: For Calendar Year Ending December 31, 2023
A4: COUNTRYWIDE EXPERIENCE
B5: Insurance Company: | C5: National Title Insurance of New York Inc.
D6: Countrywide
B7: 1. | C7: Known claims reserve | D7: 1013428
B8: 2. | C8: Statutory premium reserve | D8: 70915185
B9: 3. | C9: Aggregate of other reserves required by law | D9: 0
B10: 4. | C10: Supplemental reserve | D10: 0
B11: 5. | C11: Total Reserves | D11: =SUM(D7:D10) -> 71928613
B13: 6. | C13: Net investment income earned | D13: 2539911
B14: 7. | C14: Net realized capital gains (losses) | D14: 46766
B15: 8. | C15: Total net investment gain | D15: =D13+D14 -> 2586677
B17: 9. | C17: Federal and foreign income taxes incurred | D17: 1491160
B19: 10. | C19: Surplus as regards policyholders | D19: 50794688

Sheet Old Republic National Title ins
A1: NEW MEXICO TITLE INSURANCE UNDERWRITERS STATISTICAL REPORT
A2: FORM 2: RESERVES, INVESTMENT GAIN AND SURPLUS
A3: For Calendar Year Ending December 31, 2023
A4: COUNTRYWIDE EXPERIENCE
B5: Insurance Company: | C5: Old Republic National Title Insurance Company
D6: Countrywide
B7: 1. | C7: Known claims reserve | D7: 67658529
B8: 2. | C8: Statutory premium reserve | D8: 726801841
B9: 3. | C9: Aggregate of other reserves required by law | D9: 0
B10: 4. | C10: Supplemental reserve | D10: 0
B11: 5. | C11: Total Reserves | D11: =SUM(D7:D10) -> 794460370
B13: 6. | C13: Net investment income earned | D13: 56000460
B14: 7. | C14: Net realized capital gains (losses) | D14: -13607586
B15: 8. | C15: Total net investment gain | D15: =D13+D14 -> 42392874
B17: 9. | C17: Federal and foreign income taxes incurred | D17: 42319088
B19: 10. | C19: Surplus as regards policyholders | D19: 638643751

Sheet Premier Land Title Insurance Co
A1: NEW MEXICO TITLE INSURANCE UNDERWRITERS STATISTICAL REPORT
A2: FORM 2: RESERVES, INVESTMENT GAIN AND SURPLUS
A3: For Calendar Year Ending December 31, 2023
A4: COUNTRYWIDE EXPERIENCE
B5: Insurance Company: | C5: Premier Land Title Insurance Company
D6: Countrywide
B7: 1. | C7: Known claims reserve | D7: 36204
B8: 2. | C8: Statutory premium reserve | D8: 13039611
B9: 3. | C9: Aggregate of other reserves required by law
B10: 4. | C10: Supplemental reserve
B11: 5. | C11: Total Reserves | D11: =SUM(D7:D10) -> 13075815
B13: 6. | C13: Net investment income earned | D13: 483467
B14: 7. | C14: Net realized capital gains (losses)
B15: 8. | C15: Total net investment gain | D15: =D13+D14 -> 483467
B17: 9. | C17: Federal and foreign income taxes incurred | D17: 2268869
B19: 10. | C19: Surplus as regards policyholders | D19: 13697675

Sheet Radian Title Insurance Inc
A1: NEW MEXICO TITLE INSURANCE UNDERWRITERS STATISTICAL REPORT
A2: FORM 2: RESERVES, INVESTMENT GAIN AND SURPLUS
A3: For Calendar Year Ending December 31, 2023
A4: COUNTRYWIDE EXPERIENCE
B5: Insurance Company: | C5: Radian Title Insurance Inc.
D6: Countrywide
B7: 1. | C7: Known claims reserve | D7: 174500
B8: 2. | C8: Statutory premium reserve | D8: 9588071
B9: 3. | C9: Aggregate of other reserves required by law | D9: 0
B10: 4. | C10: Supplemental reserve | D10: 0
B11: 5. | C11: Total Reserves | D11: =SUM(D7:D10) -> 9762571
B13: 6. | C13: Net investment income earned | D13: 1978603
B14: 7. | C14: Net realized capital gains (losses) | D14: -5559
B15: 8. | C15: Total net investment gain | D15: =D13+D14 -> 1973044
B17: 9. | C17: Federal and foreign income taxes incurred | D17: 284707
B19: 10. | C19: Surplus as regards policyholders | D19: 41107521

Sheet Stewart Title Guaranty Company
A1: NEW MEXICO TITLE INSURANCE UNDERWRITERS STATISTICAL REPORT
A2: FORM 2: RESERVES, INVESTMENT GAIN AND SURPLUS
A3: For Calendar Year Ending December 31, 2023
A4: COUNTRYWIDE EXPERIENCE
B5: Insurance Company: | C5: Stewart Title Guaranty Company
D6: Countrywide
B7: 1. | C7: Known claims reserve | D7: 53507254
B8: 2. | C8: Statutory premium reserve | D8: 492055762
B9: 3. | C9: Aggregate of other reserves required by law
B10: 4. | C10: Supplemental reserve
B11: 5. | C11: Total Reserves | D11: =SUM(D7:D10) -> 545563016
B13: 6. | C13: Net investment income earned | D13: 41395018
B14: 7. | C14: Net realized capital gains (losses) | D14: 8488661
B15: 8. | C15: Total net investment gain | D15: =D13+D14 -> 49883679
B17: 9. | C17: Federal and foreign income taxes incurred | D17: 20049135
B19: 10. | C19: Surplus as regards policyholders | D19: 843265437

Sheet Title Resources Guaranty Co
A1: NEW MEXICO TITLE INSURANCE UNDERWRITERS STATISTICAL REPORT
A2: FORM 2: RESERVES, INVESTMENT GAIN AND SURPLUS
A3: For Calendar Year Ending December 31, 2023
A4: COUNTRYWIDE EXPERIENCE
B5: Insurance Company: | C5: Title Resources Guaranty Company
D6: Countrywide
B7: 1. | C7: Known claims reserve | D7: 2821824
B8: 2. | C8: Statutory premium reserve | D8: 83005037
B9: 3. | C9: Aggregate of other reserves required by law | D9: 0
B10: 4. | C10: Supplemental reserve | D10: 0
B11: 5. | C11: Total Reserves | D11: =SUM(D7:D10) -> 85826861
B13: 6. | C13: Net investment income earned | D13: 4984470
B14: 7. | C14: Net realized capital gains (losses) | D14: -11853
B15: 8. | C15: Total net investment gain | D15: =D13+D14 -> 4972617
B17: 9. | C17: Federal and foreign income taxes incurred | D17: 5258766
B19: 10. | C19: Surplus as regards policyholders | D19: 53997537

Sheet Westcor Land Title Insurance Co
A1: NEW MEXICO TITLE INSURANCE UNDERWRITERS STATISTICAL REPORT
A2: FORM 2: RESERVES, INVESTMENT GAIN AND SURPLUS
A3: For Calendar Year Ending December 31, 2023
A4: COUNTRYWIDE EXPERIENCE
B5: Insurance Company: | C5: Westcor Land Title Insurance Company
D6: Countrywide
B7: 1. | C7: Known claims reserve | D7: 6369212
B8: 2. | C8: Statutory premium reserve | D8: 202547336
B9: 3. | C9: Aggregate of other reserves required by law | D9: 0
B10: 4. | C10: Supplemental reserve | D10: 0
B11: 5. | C11: Total Reserves | D11: =SUM(D7:D10) -> 208916548
B13: 6. | C13: Net investment income earned | D13: 10094609
B14: 7. | C14: Net realized capital gains (losses) | D14: 27567
B15: 8. | C15: Total net investment gain | D15: =D13+D14 -> 10122176
B17: 9. | C17: Federal and foreign income taxes incurred | D17: 2344971
B19: 10. | C19: Surplus as regards policyholders | D19: 129945658

Sheet WFG National Title Insurance Co
A1: NEW MEXICO TITLE INSURANCE UNDERWRITERS STATISTICAL REPORT
A2: FORM 2: RESERVES, INVESTMENT GAIN AND SURPLUS
A3: For Calendar Year Ending December 31, 2023
A4: COUNTRYWIDE EXPERIENCE
B5: Insurance Company: | C5: WFG National Title Insurance Company
D6: Countrywide
B7: 1. | C7: Known claims reserve | D7: 19315495
B8: 2. | C8: Statutory premium reserve | D8: 144596798
B9: 3. | C9: Aggregate of other reserves required by law
B10: 4. | C10: Supplemental reserve
B11: 5. | C11: Total Reserves | D11: =SUM(D7:D10) -> 163912293
B13: 6. | C13: Net investment income earned | D13: 9274918
B14: 7. | C14: Net realized capital gains (losses) | D14: -40
B15: 8. | C15: Total net investment gain | D15: =D13+D14 -> 9274878
B17: 9. | C17: Federal and foreign income taxes incurred | D17: 319047
B19: 10. | C19: Surplus as regards policyholders | D19: 123689192
